 Dungeon Crawl Stone Soup version 0.27-a0-522-g46bbb28 (webtiles) character file.

Game seed: 17866432990304472727

60466 GeorgeSoros the Protected (level 14, -5/110 HPs)
             Began as a Demonspawn Abyssal Knight on Mar 4, 2021.
             Was the Champion of Lugonu.
             Killed by divine providence
             ... invoked by an orc priest
              (12 damage)
             ... on level 2 of the Orcish Mines.
             The game lasted 01:05:46 (17163 turns).

GeorgeSoros the Protected (DsAK)                   Turns: 17163, Time: 01:05:47

Health: -5/110     AC: 30    Str: 23    XL:     14   Next: 57%
Magic:  20/20      EV: 12    Int: 22    God:    Lugonu [******]
Gold:   1201       SH: 13    Dex: 17    Spells: 13/13 levels left

rFire    . . .     SeeInvis .   a - +9 spear of Ystoseck {vorpal, *Noise Str+4 Int+8}
rCold    + + .     Faith    .   D - +0 kite shield
rNeg     + . .     Spirit   .   Y - +2 plate armour {rC+}
rPois    +         Reflect  .   (helmet restricted)
rElec    .         Harm     .   u - +2 cloak {rCorr}
rCorr    +         Rampage  .   A - +0 pair of gloves
Will     ++...                  U - +4 pair of boots of Summer {Dex+3}
Stlth    ..........             w - amulet of regeneration
HPRegen  1.28/turn              d - ring "Ucraular" {rPois rN+ Will+ Str+3}
MPRegen  0.17/turn              N - +4 ring of evasion

@: no status effects
A: antennae 2, rugged brown scales 2, cold resistance 1, demonic guardian 1,
powered by death 2
a: Renounce Religion, Depart the Abyss, Bend Space, Banish, Corrupt, Enter the
Abyss, Brand Weapon With Distortion


You were on level 2 of the Orcish Mines.
You worshipped Lugonu.
Lugonu was exalted by your worship.
You visited 3 branches of the dungeon, and saw 17 of its levels.
You visited the Abyss 3 times.
You also visited: Volcano.

You collected 1873 gold pieces.
You spent 672 gold pieces at shops.

Inventory:

Hand Weapons
 a - the +9 spear of Ystoseck (weapon) {vorpal, *Noise Str+4 Int+8}
   (You found it on level 4 of the Lair of Beasts)

   It inflicts extra damage upon your enemies.
   It affects your strength (+4).
   It affects your intelligence (+8).
   It may make noises in combat.
 b - the +3 morningstar of the Shrike {speed, rN+ Str+2 SInv}
   (You found it on level 8 of the Dungeon)

   Attacks with this weapon are significantly faster.
   It affects your strength (+2).
   It protects you from negative energy.
   It lets you see invisible.
 e - a +1 whip of electrocution
 P - a +1 vorpal falchion
 X - the +7 lajatang of Order {silver, rMut}
   (You found it on level 6 of the Lair of Beasts)

   It protects you from mutation.
Missiles
 s - 18 poisoned darts (quivered)
 O - 4 curare-tipped darts
Armour
 l - the +5 plate armour "Nymeah" {Harm +Blink Dex+4}
   (You bought it in a shop on level 2 of the Orcish Mines)

   It affects your dexterity (+4).
   It lets you blink.
   It increases damage dealt and taken.
 u - a +2 cloak of preservation (worn)
 A - a +0 pair of gloves (worn)
 D - a +0 kite shield (worn)
 U - the +4 pair of boots of Summer (worn) {Dex+3}
   (You acquired it on level 6 of the Lair of Beasts)

   It affects your dexterity (+3).
 Y - a +2 plate armour of cold resistance (worn)
Jewellery
 d - the ring "Ucraular" (left hand) {rPois rN+ Will+ Str+3}
   (You found it on level 5 of the Dungeon)

   [ring of positive energy]

   It affects your strength (+3).
   It protects you from poison.
   It protects you from negative energy.
   It affects your willpower, your defense against some magical effects.
 o - an amulet of faith
 w - an amulet of regeneration (around neck)
 B - an amulet of the acrobat
 K - an amulet of magic regeneration
 L - a ring of fire
 M - a ring of ice
 N - a +4 ring of evasion (right hand)
 S - a ring of wizardry
 W - a ring of magical power
Wands
 q - a wand of digging (5)
 y - a wand of random effects (24)
 C - a wand of flame (34)
 F - a wand of charming (12)
 J - a wand of iceblast (11)
Scrolls
 c - a scroll of fear
 i - 8 scrolls of teleportation
 k - a scroll of amnesia
 m - 9 scrolls of magic mapping
 p - a scroll of enchant weapon
 r - 5 scrolls of identify
 v - 4 scrolls of enchant armour
 z - a scroll of fog
 G - 2 scrolls of immolation
Potions
 f - 6 potions of attraction
 g - 6 potions of heal wounds
 h - 9 potions of curing
 j - 2 potions of cancellation
 t - 2 potions of lignification
 x - 3 potions of brilliance
 E - 4 potions of might
 H - 2 potions of mutation
 I - 2 potions of haste
 R - a potion of berserk rage
 T - 2 potions of magic
Miscellaneous
 n - a phantom mirror (inert)
 Q - a box of beasts (inert)
 V - a lightning rod (4/4)


   Skills:
 - Level 8.0 Fighting
 - Level 5.0 Long Blades
 - Level 8.4 Maces & Flails
 + Level 7.2(7.3) Polearms
 - Level 1.1(7.1) Staves
 + Level 12.3 Armour
 - Level 3.1 Dodging
 + Level 12.2 Shields
 - Level 8.9 Invocations
 + Level 6.5 Evocations


You had 13 spell levels left.
You didn't know any spells.
Your spell library contained the following spells:

 Spells                   Type           Power        Failure   Level
 Poisonous Vapours        Pois/Air       0%           98%         2
 Confusing Touch          Hex            0%           100%        3
 Conjure Flame            Conj/Fire      0%           100%        3
 Gell's Gravitas          Tloc           0%           100%        3
 Mephitic Cloud           Conj/Pois/Air  0%           100%        3
 Petrify                  Tmut/Erth      0%           100%        4
 Metabolic Englaciation   Hex/Ice        0%           100%        5
 Yara's Violent Unravell  Hex/Tmut       0%           100%        5
 Freezing Cloud           Conj/Ice/Air   0%           100%        6


Dungeon Overview and Level Annotations

Branches:
Dungeon (9/15)             Temple (0/1) D:5            Lair (6/6) D:8
  Swamp (0/4) Lair:4        Snake (0/4) Lair:3        Slime (0/5) Lair:5
    Orc (2/2) D:9             Elf (0/3) Orc:2       Volcano (visited)

Altars:
Ashenzari
Cheibriados
Elyvilon
Gozag
Hepliaklqana
Okawaru
Qazlal
Ru
Sif Muna
Uskayaw
Vehumet
Xom
Beogh

Shops:
Orc:2 [(

Portals:
Abyss: D:6

Annotations:
D:6 2 transporters, brinewave's ghost, novice BaSu
Lair:2 exclusion: 3 oklob plants


Innate Abilities, Weirdness & Mutations

You have a pair of antennae on your head.
You are mostly covered in rugged brown scales. (AC +2, +5% HP)
A weak demonic guardian rushes to your aid.
You regenerate health from kills.
Your flesh is cold resistant. (rC+)


Message History

The orc warrior no longer looks unusually strong.
The orc warlord roars a battlecry!
The orcs go into a battle-frenzy!
The orc warrior misses you.
You hit the orc warlord but do no damage.
The orc warlord is almost dead.
The orc warrior no longer looks unusually strong.
The orc no longer looks unusually strong.
The orc warlord roars a battlecry!
The orcs go into a battle-frenzy!
You hit the orc warlord.
The orc warlord is almost dead.
The orc warrior hits you from afar with a +0 trident!
* * * LOW HITPOINT WARNING * * *
The orc warlord hits you but does no damage.
You hit the orc warlord.
You kill the orc warlord!
Lugonu accepts your kill. You block the orc warrior's attack.
You feel your intelligence returning.
You closely miss the warg.
The orc no longer looks unusually strong.
You block the warg's attack.
The orc priest looks encouraged for a moment.
The orc warrior hits you from afar with a +0 glaive.
* * * LOW HITPOINT WARNING * * *
The orc warrior hits you but does no damage.
You puncture the warg!
The warg is heavily wounded.
You block the warg's attack.
You puncture the warg!
The warg is almost dead.
Your white imp disappears in a puff of smoke!
You block the warg's attack.
The orc warrior hits you from afar with a +0 trident!!
* * * LOW HITPOINT WARNING * * *
The orc warrior barely misses you.
The orc priest invokes the aid of Beogh against you.
Beogh smites you!
You die...

......#.......##.## {{ ##.#
.#............##.# { { { #.#
.##........#.###.# { #.#
.##.........## #.# {#.#
.......#....# #.# #.#
.............# #.# #.{o#. {#.#
............## #ยง# '...' { #.#
.#...........# #4# #o..# #.#
......#'###... #@# ##..o## #.#
.....##... #.. #h## #8{..8#
##.# .....# ....#..
#oo###{{oo.###..# .....#
..#.####o{{##{{'##...## .....#
#.##.#o#ooo.......## .....##
##.#...ooo#)8.8.....#
......#####..#..#.....o......##
..............................#
.............#..#.....#......##


You could see a warg, 2 orc warriors, 2 orc priests, an orc wizard (strong), 3
orcs and a friendly hellwing (summoned).

Vanquished Creatures
  An orc warlord (Orc:2)
  3 dire elephants (Lair:6)
  A boulder beetle (Lair:5)
  6 hydras
  An ogre mage (Orc:2)
  A catoblepas (Lair:4)
  Erolcha (D:9)
  An anaconda (Lair:6)
  2 death yaks (Lair:5)
  A dancing weapon (Volcano)
  4 two-headed ogres (Orc:2)
  An orc high priest (Orc:2)
  Nergalle (Lair:4)
  Sonja (Lair:3)
  3 bog bodies (Lair:4)
  3 wizards (Volcano)
  An orc sorcerer (Orc:2)
  19 elephants
  A manticore (Lair:4)
  2 black mambas
  5 toenail golems (Volcano)
  8 cane toads
  9 rime drakes
  6 komodo dragons
  4 polar bears
  2 trolls (Orc:2)
  A hornet (D:8)
  13 blink frogs
  10 wyverns
  A wraith (D:8)
  22 yaks
  8 basilisks (Lair:4)
  A neqoxec (Abyss:1)
  A swamp worm (Lair:4)
  6 wargs
  4 nagas (Lair:3)
  17 water moccasins
  Duvessa (D:4)
  24 orc warriors
  3 ice beasts
  A sky beast (D:9)
  3 black bears
  7 ogres
  8 wolves
  3 centaurs
  A phantom (D:8)
  13 bullfrogs
  Blork the orc (D:6)
  5 scorpions
  Dowan (D:4)
  A wyvern skeleton (D:7)
  3 killer bees (D:9)
  4 wights (D:7)
  2 electric eels
  2 bullfrog zombies (D:5)
  A quasit (D:6)
  A centaur zombie (D:7)
  3 hounds
  Crazy Yiuf (D:5)
  11 orc priests
  A jelly (D:7)
  A bullfrog skeleton (D:7)
  2 centaur skeletons
  3 iguanas
  18 orc wizards
  5 hell rats (Lair:4)
  8 worker ants
  A hound skeleton (D:7)
  3 worker ant zombies
  9 adders
  A shadow imp (D:9)
  4 white imps
  2 ufetubi
  3 oozes
  2 adder skeletons
  A worm (D:3)
  4 dart slugs
  4 leopard geckos
  83 orcs
  5 giant cockroaches
  8 goblins
  6 hobgoblins
  5 quokkas
  10 bats
  4 frilled lizards
  7 kobolds
  6 rats
478 creatures vanquished.

Vanquished Creatures (collateral kills)
  Donald (Orc:2)
  A dire elephant (Lair:6)
  2 catoblepae
  A death yak (Lair:5)
  An elephant (Lair:5)
  A komodo dragon (Lair:1)
  A polar bear (Lair:4)
  A wyvern (Lair:4)
  A yak (Lair:6)
  A water moccasin (Lair:2)
  An orc priest (Orc:2)
  A worker ant (D:6)
  2 orc wizards (Orc:2)
  A hell rat (Lair:4)
  A white imp (D:6)
  3 orcs (Orc:2)
20 creatures vanquished.

Vanquished Creatures (others)
  2 wizards (Volcano)
  An orc wizard (Orc:2)
  29 fungi
  38 plants
70 creatures vanquished.

Grand Total: 568 creatures vanquished

Notes
Turn   | Place    | Note
-------+----------+-------------------------------------------
     0 | Abyss:1  | GeorgeSoros the Demonspawn Abyssal Knight began the quest
                  | for the Orb.
     0 | Abyss:1  | Reached XP level 1. HP: 18/18 MP: 2/2
    65 | Abyss:1  | Noticed a catoblepas simulacrum
    66 | D:1      | Escaped the Abyss
   115 | D:1      | Reached skill level 1 in Dodging
   224 | D:1      | Reached * piety under Lugonu
   225 | D:1      | Gained mutation: You are partially covered in rugged brown
                  | scales. (AC +1, +3% HP) [demonic ancestry]
   225 | D:1      | Reached XP level 2. HP: 15/24 MP: 4/4
   640 | D:1      | Gained mutation: You have a pair of small antennae on your
                  | head. [demonic ancestry]
   640 | D:1      | Reached XP level 3. HP: 21/29 MP: 5/5
  1555 | D:2      | Reached XP level 4. HP: 23/36 MP: 6/6
  1904 | D:2      | Found a radiant altar of Vehumet.
  2462 | D:3      | Found a stormy altar of Qazlal.
  2464 | D:3      | Noticed a water elemental
  2465 | D:3      | Noticed an earth elemental
  2465 | D:3      | Noticed an air elemental
  2465 | D:3      | Noticed a fire elemental
  2508 | D:3      | Reached ** piety under Lugonu
  2942 | D:3      | Reached XP level 5. HP: 20/43 MP: 7/7
  3233 | D:3      | Found a snail-covered altar of Cheibriados.
  3677 | D:4      | Found a hide-covered altar of Uskayaw.
  3787 | D:4      | Found a hazy altar of Hepliaklqana.
  3855 | D:4      | Noticed an ogre
  3868 | D:4      | Killed an ogre
  3869 | D:4      | Gained mutation: A weak demonic guardian rushes to your
                  | aid. [demonic ancestry]
  3869 | D:4      | Reached XP level 6. HP: 49/49 MP: 9/9
  3915 | D:4      | Found an opulent altar of Gozag.
  4295 | D:4      | Noticed Dowan
  4300 | D:4      | Killed Dowan
  4339 | D:4      | Noticed Duvessa
  4355 | D:4      | Killed Duvessa
  4356 | D:4      | Reached XP level 7. HP: 17/56 MP: 10/10
  4430 | D:4      | Reached skill level 5 in Invocations
  4467 | D:5      | Entered Level 5 of the Dungeon
  4546 | D:5      | Identified the ring "Ucraular" {rPois rN+ Will+ Str+3}
  4557 | D:5      | Found a staircase to the Ecumenical Temple.
  4877 | D:5      | Found a runed translucent door.
  4878 | D:5      | Noticed Crazy Yiuf
  4892 | D:5      | Killed Crazy Yiuf
  4893 | D:5      | Reached skill level 1 in Shields
  5389 | D:6      | Reached skill level 5 in Fighting
  5418 | D:5      | Reached *** piety under Lugonu
  5476 | D:6      | Gained mutation: You have a pair of antennae on your head.
                  | [demonic ancestry]
  5476 | D:6      | Reached XP level 8. HP: 22/63 MP: 8/11
  5645 | D:6      | Found a transporter.
  5650 | D:6      | Found a sacrificial altar of Ru.
  5650 | D:6      | Found a shimmering altar of Xom.
  5654 | D:6      | Found an iron altar of Okawaru.
  5654 | D:6      | Found a broken altar of Ashenzari.
  5913 | D:6      | Noticed Blork the orc
  5933 | D:6      | Killed Blork the orc
  5942 | D:6      | Found a shimmering blue altar of Sif Muna.
  5987 | D:6      | Found a transporter.
  5989 | D:6      | Found a one-way gate to the infinite horrors of the Abyss.
  5989 | D:6      | Noticed brinewave's ghost (novice BaSu)
  5999 | D:6      | Noticed a toenail golem
  6292 | D:7      | Reached skill level 5 in Armour
  6604 | D:7      | Reached XP level 9. HP: 61/71 MP: 13/13
  7185 | D:8      | Reached skill level 5 in Shields
  7223 | D:8      | Reached **** piety under Lugonu
  7305 | D:8      | Reached skill level 5 in Long Blades
  7341 | D:8      | Identified the +3 morningstar of the Shrike {speed, rN+
                  | Str+2 SInv}
  7563 | D:8      | Found a staircase to the Lair.
  7570 | D:8      | Reached skill level 1 in Maces & Flails
  7815 | D:9      | Found a staircase to the Orcish Mines.
  7852 | D:9      | Gained mutation: You are mostly covered in rugged brown
                  | scales. (AC +2, +5% HP) [demonic ancestry]
  7852 | D:9      | Reached XP level 10. HP: 74/82 MP: 15/15
  7900 | D:9      | Noticed Erolcha
  7925 | D:9      | Killed Erolcha
  8034 | D:9      | Identified the +0 dagger of Zuitis {freeze, Str+2}
  8450 | Lair:1   | Entered Level 1 of the Lair of Beasts
  8646 | Lair:1   | Noticed a cane toad
  8657 | Lair:1   | Killed a cane toad
  8658 | Lair:1   | Reached skill level 1 in Evocations
  8899 | Lair:1   | Noticed a cane toad
  8910 | Lair:1   | Killed a cane toad
  8911 | Lair:1   | Gained mutation: You regenerate a little health from kills.
                  | [demonic ancestry]
  8911 | Lair:1   | Reached XP level 11. HP: 79/90 MP: 17/17
  9449 | Lair:2   | Noticed a seven-headed hydra
  9472 | Lair:2   | Killed a seven-headed hydra
  9626 | Lair:2   | Reached skill level 5 in Maces & Flails
  9820 | Lair:2   | Noticed an oklob plant
  9856 | Lair:2   | Noticed an oklob plant
  9859 | Lair:2   | Noticed an oklob plant
  9891 | Lair:2   | Noticed a catoblepas
  9903 | Lair:2   | Killed a catoblepas
 10506 | Lair:3   | Reached ***** piety under Lugonu
 10565 | Lair:3   | Noticed a four-headed hydra
 10571 | Lair:3   | Noticed an eight-headed hydra
 10572 | Lair:3   | Noticed Sonja
 10698 | Lair:3   | Reached skill level 5 in Evocations
 10707 | Lair:3   | Found a staircase to the Snake Pit.
 10812 | Lair:3   | Killed Sonja
 10898 | Lair:3   | Killed a four-headed hydra
 10928 | Lair:3   | Reached XP level 12. HP: 90/96 MP: 18/18
 11067 | Lair:3   | Killed an eight-headed hydra
 11570 | Lair:4   | Noticed Nergalle
 11587 | Lair:4   | Killed Nergalle
 11620 | Lair:4   | Identified the +1 ring mail of the Realm of Zot {rElec}
 11785 | Lair:4   | Noticed a catoblepas
 11827 | Lair:4   | Killed a catoblepas
 12010 | Lair:4   | Reached skill level 10 in Armour
 12082 | Lair:4   | Reached skill level 10 in Shields
 12289 | Lair:4   | Identified the +9 spear of Ystoseck {vorpal, *Noise Str+4
                  | Int+8}
 12405 | Lair:4   | Reached skill level 1 in Polearms
 12447 | Lair:4   | Reached XP level 13. HP: 80/102 MP: 19/19
 12811 | Lair:4   | Found a staircase to the Swamp.
 13064 | Lair:5   | Found a staircase to the Slime Pits.
 13559 | Lair:5   | Reached ****** piety under Lugonu
 13601 | Lair:5   | Found a dark tunnel.
 13610 | Volcano  | Entered a volcano
 13650 | Volcano  | Reached skill level 5 in Polearms
 13666 | Volcano  | Cast into level 2 of the Abyss (a wizard)
 13684 | Volcano  | Escaped the Abyss
 14191 | Lair:6   | Entered Level 6 of the Lair of Beasts
 14766 | Lair:6   | Gained mutation: You regenerate health from kills. [demonic
                  | ancestry]
 14766 | Lair:6   | Reached XP level 14. HP: 102/110 MP: 20/20
 14795 | Lair:6   | Identified a scroll of acquirement
 14795 | Lair:6   | Acquired the +4 pair of boots of Summer {Dex+3}
 15650 | Lair:6   | Found the +7 lajatang of Order {silver, rMut}
 16047 | Orc:1    | Entered Level 1 of the Orcish Mines
 16325 | Orc:2    | Entered Level 2 of the Orcish Mines
 16325 | Orc:2    | Noticed Donald
 16338 | Orc:2    | Killed Donald
 16339 | Orc:2    | Reached skill level 1 in Staves
 16357 | Orc:2    | Found a staircase to the Elven Halls.
 16375 | Orc:2    | Found Miodia Elyi's Antique Armour Shop.
 16611 | Orc:2    | Cast into level 1 of the Abyss (orc wizard)
 16626 | Abyss:1  | Gained mutation: Your flesh is cold resistant. (rC+) [a
                  | neqoxec]
 16645 | Orc:2    | Escaped the Abyss
 16710 | Orc:2    | Bought a scorched plate armour for 672 gold pieces
 16710 | Orc:2    | Identified the +5 plate armour "Nymeah" {Harm +Blink Dex+4}
                  | (You bought it in a shop on level 2 of the Orcish Mines)
 16891 | Orc:2    | Found Zeettunu's Weapon Shoppe.
 17071 | Orc:2    | Noticed an orc warlord
 17160 | Orc:2    | Killed an orc warlord
 17163 | Orc:2    | Killed from afar by an orc priest

Illustrated notes

Levels and vault maps discovered:
D:1:      dpeg_arrival_connections, layout_basic
D:2:      wad_lake_hut, layout_basic, lemuel_round_altar
D:3:      layout_basic, cheibriados_altar_1, nicolae_qazlal_style_of_elements
D:4:      layout_loops_ring, nicolae_overflow_hidden_temple,
          overflow_temple_1_default, grunt_gozag_breadcrumbs, uniq_duvessa
D:5:      layout_loops_ring, minmay_temple_entry_trees, elyvilon_altar_1,
          uniq_crazy_yiuf_cottage
D:6:      layout_cave_pools, tgw_sif, grunt_temple_overflow_open,
          gammafunk_ghost_abyssal_escape, minivault_1, due_unseen_surprise,
          uniq_blork_the_orc
D:7:      layout_gridville, minmay_diced_spiral
D:8:      layout_rooms, grunt_lair_entry_orc_guard_hut, grunt_decor_resistance
D:9:      layout_roguey, minmay_orc_entry_guard_dogs, uniq_erolcha
Lair:1:   layout_loops_ring, lemuel_fruit_tree, serial_bayou_shore_b
Lair:2:   layout_regular_city, serial_bayou_shore_b, minmay_lair_oklob_chamber,
          grunt_megastairs_3, infiniplex_staircase_pool_2
Lair:3:   layout_long_grid, minmay_snake_entry_guardpost_small, minivault_19,
          grunt_megastairs_5, serial_bayou_shore_b, uniq_sonja
Lair:4:   layout_roguey [special_room_mythical_zoo],
          nicolae_swamp_entry_splash_gauntlet, serial_rivers,
          chequers_serial_rivers_room_a, chequers_serial_rivers_small_3,
          chequers_serial_rivers_micro_c, chequers_serial_rivers_micro_e,
          chequers_serial_rivers_large_b, chequers_serial_rivers_micro_e,
          bobbens_ice_dragon_lair, uniq_nergalle
Lair:5:   layout_big_grid, slime_dummy, lightli_volcano_entry_magma_tube,
          patterned_corridor
Lair:6:   due_jungle_book, layout_regular_city, gammafunk_lair_bear_cave
Orc:1:    layout_caves, serial_shops, shop
Orc:2:    grunt_orc_community_town_hall, layout_caves,
          grunt_orc_community_big_house_1, grunt_orc_community_big_house_1,
          grunt_orc_community_house_3, grunt_orc_community_house_2,
          grunt_orc_community_house_3, grunt_orc_community_house_3,
          grunt_orc_community_house_3, grunt_orc_community_house_3, basic_altar,
          uniq_donald

Skill      XL: |  1  2  3  4  5  6  7  8  9 10 11 12 13 14 |
---------------+-------------------------------------------+-----
Dodging        | 1 2 3 |  3.1
Armour         | 2 3 4 5 6 7 8 10 11 12 | 12.3
Long Blades    | 2 3 4 5 |  5.0
Invocations    | 3 4 5 6 7 8 |  8.9
Fighting       | 4 5 6 7 8 |  8.0
Shields        | 3 4 5 7 8 10 11 12 | 12.2
Maces & Flails | 1 4 6 8 |  8.4
Evocations     | 2 5 6 |  6.5
Polearms       | 1 5 7 |  7.2
Staves         | 1 |  1.1

Action                   |  1- 3 |  4- 6 |  7- 9 | 10-12 | 13-15 || total
-------------------------+-------+-------+-------+-------+-------++-------
Melee: Falchion          |    15 |       |       |       |       ||    15
       Whip              |   105 |   170 |   401 |       |       ||   676
       Morningstar       |       |       |    60 |   846 |    44 ||   950
       Spear             |       |       |       |    80 |  1277 ||  1357
Throw: Dart              |       |     5 |    19 |    10 |     5 ||    39
Invok: Depart the Abyss  |     1 |       |       |       |     2 ||     3
       Bend Space        |       |       |     3 |       |       ||     3
Evoke: Wand              |       |       |       |     7 |     1 ||     8
       Box of beasts     |       |       |       |       |     1 ||     1
       Phantom mirror    |       |       |       |       |     1 ||     1
  Use: Scroll            |     6 |     6 |     7 |     6 |     4 ||    29
       Potion            |       |       |       |     1 |     1 ||     2
 Stab: Distracted        |       |       |       |     2 |     3 ||     5
       Petrified         |       |       |       |       |     6 ||     6
Armor: Ring mail         |    67 |    73 |       |       |       ||   140
       Scale mail        |       |       |   100 |       |       ||   100
       Plate armour      |       |       |   135 |   542 |   670 ||  1347
Dodge: Dodged            |    83 |    87 |   129 |   318 |   576 ||  1193
Block: Kite shield       |       |       |   228 |   548 |   876 ||  1652
       Rpst.: Falchion   |     7 |       |       |       |       ||     7

Table legend: (Time is in decaauts)
 A = Elapsed time spent in this place.
 B = Non-inter-level travel time spent in this place.
 C = Inter-level travel time spent in this place.
 D = Time resting spent in this place.
 E = Time spent auto-exploring this place.
 F = Levels seen in this place.
 G = Mean time per level.
                   A        B        C        D        E       F      G
               +--------+--------+--------+--------+--------+-----+--------+
         Total |  17322 |  16529 |    793 |     92 |  10851 |  21 |  824.9 |
       Dungeon |   8670 |   8289 |    381 |     13 |   6196 |   9 |  963.3 |
          Lair |   7234 |   6839 |    395 |     79 |   4169 |   6 | 1205.7 |
  Orcish Mines |    989 |    972 |     17 |      0 |    383 |   2 |  494.5 |
         Abyss |    116 |    116 |      0 |      0 |     64 |   3 |   38.7 |
       Volcano |    311 |    311 |      0 |      0 |     39 |   1 |  311.0 |
               +--------+--------+--------+--------+--------+-----+--------+

Top non-repeatable levels by time:
  Lair:4: 1749 daAuts
  Lair:6: 1612 daAuts
     D:3: 1320 daAuts
     D:2: 1261 daAuts
  Lair:2: 1078 daAuts
     D:1: 1072 daAuts
     D:7: 1011 daAuts
     D:5: 1001 daAuts
  Lair:1: 960 daAuts
  Lair:3: 926 daAuts
  Lair:5: 908 daAuts
     D:9: 845 daAuts
     D:4: 829 daAuts
     D:6: 742 daAuts
   Orc:2: 730 daAuts
